 Dungeon Crawl Stone Soup version 0.30.1-11-g7821555f0a (webtiles) character file.

Game seed: 11445374941815327103

194 jagang the Slasher (level 6, -4/48 HPs)
             Began as a Human Monk on Dec 21, 2023.
             Killed from afar by Sigmund (5 damage)
             ... with a puff of flame
             ... on level 3 of the Dungeon.
             The game lasted 00:05:27 (1485 turns).

jagang the Slasher (Human Monk)                     Turns: 1485, Time: 00:05:27

Health: -4/48      AC: 11    Str: 12    XL:     6   Next: 3%
Magic:  6/6        EV:  2    Int: 10    God:
Gold:   96         SH: 13    Dex: 17    Spells: 5/5 levels left

rFire   + . .        a - +1 falchion
rCold   . . .        u - +0 tower shield
rNeg    . . .        w - +0 chain mail
rPois   .            q - +2 hat
rElec   .            (no cloak)
rCorr   .            m - +0 pair of gloves
SInv    .            (no boots)
Will    .....        (no amulet) Stlth
                     g - ring of protection from fire
HPRegen 0.28/turn    y - +4 ring of slaying
MPRegen 0.10/turn

%: no passive effects
@: no status effects
A: no striking features
a: no special abilities


You were on level 3 of the Dungeon.
You visited 1 branch of the dungeon, and saw 3 of its levels.

You collected 96 gold pieces.

Inventory:

Hand Weapons
 a - a +1 falchion (weapon)
Armour
 d - an orb of light
 m - a +0 pair of gloves (worn)
 q - a +2 hat (worn)
 u - a +0 tower shield (worn)
 w - a +0 chain mail (worn)
Jewellery
 g - a ring of protection from fire (left hand)
 y - a +4 ring of slaying (right hand)
Scrolls
 e - 2 scrolls of poison {unknown}
 f - a scroll of butterflies {unknown}
 j - 2 scrolls of vulnerability {unknown}
 k - a scroll of fog {unknown}
 o - a scroll of blinking {unknown}
 p - 2 scrolls of enchant weapon
 t - 2 scrolls of identify {unknown}
 v - a scroll of teleportation {unknown}
 z - a scroll of acquirement {unknown}
Potions
 b - 2 potions of invisibility {unknown}
 c - a potion of ambrosia
 h - a potion of degeneration {unknown}
 i - a potion of magic {unknown}
 l - a potion of mutation {unknown}
 n - 3 potions of curing {unknown}
 r - a potion of flight {unknown}
 s - a potion of brilliance {unknown}
 x - a potion of resistance {unknown}
 A - a potion of lignification {unknown}


   Skills:
 + Level 4.0 Fighting
 + Level 4.0 Long Blades
 + Level 2.3 Armour
 - Level 3.0 Dodging
 * Level 2.5 Shields


You had 5 spell levels left.
You didn't know any spells.
Your spell library was empty.

Dungeon Overview and Level Annotations

Branches:
Dungeon (3/15)

Altars:

Annotations:
D:3 1 transporter, Sigmund; onlghost's ghost, amateur OpFi


Message History

The centaur is almost dead.
You block the centaur's attack.
The centaur kicks you but does no damage.
Something hits you but does no damage.
The hobgoblin hits you but does no damage.
The centaur barely misses you.
The centaur kicks you but does no damage.
You slash the centaur!
You kill the centaur!
Sigmund appears from thin air!
Reactivating autopickup.
You block the hobgoblin's attack.
Sigmund casts a spell.
Sigmund flickers and vanishes!
Deactivating autopickup; reactivate with Ctrl-A.
You block the hobgoblin's attack.
Your Fighting skill increases to level 4!
Your Long Blades skill increases to level 4!
Your Shields skill increases to level 2!
You have reached level 6!
Okay, then.
As you read the scroll labelled MOCSETHOQERCH, it crumbles to dust.
It is a scroll of enchant weapon.
Your +0 falchion glows red for a moment.
Something hits you but does no damage. The hobgoblin hits you.
* * * LOW HITPOINT WARNING * * *
You slash the hobgoblin!
You kill the hobgoblin!
Something hits you but does no damage. Something hits you but does no damage.
Things that are here:
6 stones; 12 gold pieces; a hobgoblin corpse You completely miss something.
Something hits you but does no damage.
You barely miss something. Something hits you.
* * * LOW HITPOINT WARNING * * *
You hit something but do no damage.
You hear some strange, mumbled words.
A puff of flame appears from out of thin air!
The puff of flame hits you. You resist.
You die...

######### ## ### #...#...#
..
#########.###.#...#.#.#...
#......(....{....###.....#
#.########.@##.).#.#.##..#.#
###.## #..###†.##).....'#
###....#
#####.)##).#{..##'##...
......# #.............[# ..#
# #.##.###.#.##..#...#..# .#
#..............##.....# !#
.###......©.©.....##.#...# #
.....#############....##'.
###..#....!$W.OWO##.#. ?#..


There were no monsters in sight!

Vanquished Creatures
  A centaur (D:3)
  Natasha (D:3)
  An orc wizard (D:3)
  A worm (D:2)
  A dart slug (D:1)
  5 orcs (D:3)
  8 bats
  4 endoplasms
  2 giant cockroaches
  2 goblins
  5 hobgoblins
  4 jackals (D:2)
  2 quokkas (D:1)
  9 ball pythons
  A frilled lizard (D:2)
  3 kobolds
  A rat (D:1)
51 creatures vanquished.

Notes
Turn   | Place    | Note
-------+----------+-------------------------------------------
     0 | D:1      | jagang the Human Monk began the quest for the Orb.
     0 | D:1      | Reached XP level 1. HP: 18/18 MP: 1/1
   103 | D:1      | Reached XP level 2. HP: 18/24 MP: 2/2
   268 | D:1      | Reached skill level 1 in Armour
   358 | D:1      | Reached XP level 3. HP: 28/29 MP: 3/3
   505 | D:1      | Found a faded altar of an unknown god.
  1157 | D:2      | Reached XP level 4. HP: 35/35 MP: 4/4
  1317 | D:3      | Noticed Natasha
  1322 | D:3      | Killed Natasha
  1323 | D:3      | Reached skill level 1 in Shields
  1400 | D:3      | Found a transporter.
  1401 | D:3      | Noticed an ogre
  1401 | D:3      | Noticed onlghost's ghost (amateur OpFi)
  1404 | D:3      | Noticed an ogre
  1441 | D:3      | Noticed Sigmund
  1448 | D:3      | Noticed a centaur
  1456 | D:3      | Reached XP level 5. HP: 33/42 MP: 5/5
  1479 | D:3      | Killed a centaur
  1480 | D:3      | Reached XP level 6. HP: 7/48 MP: 6/6
  1484 | D:3      | HP: 1/48 [something (4)]
  1485 | D:3      | Killed from afar by Sigmund

Illustrated notes

Levels and vault maps discovered:
D:1:      scummos_arrival_checkerplants, layout_basic,
          chequers_ecumenical_altar_grove, minmay_misc_feat_nine_boxes
D:2:      layout_basic, serial_corexii_hall, corexii_hall_statues_i,
          corexii_hall_statues_x
D:3:      layout_loops_ring, nicolae_uskayaw_murder_on_the_dancefloor,
          nicolae_overflow_hidden_temple, yredelemnul_forgotten_temple_becter,
          gammafunk_ghost_smash, minmay_fractal_squares_diagonal_5,
          uniq_natasha, uniq_grinder, uniq_sigmund

Skill      XL: |  1  2  3  4  5 |
---------------+----------------+-----
Armour         | 1 2 |  2.3
Shields        | 1 2 |  2.5
Fighting       | 4 |  4.0
Long Blades    | 4 |  4.0
Dodging        | |  3.0

Action                     |  1- 3 |  4- 6 || total
---------------------------+-------+-------++-------
  Melee: Falchion          |    97 |    39 ||   136
    Use: Scroll            |       |     1 ||     1
 Armour: Robe              |     6 |       ||     6
         Leather armour    |     9 |       ||     9
         Chain mail        |    54 |    48 ||   102
  Dodge: Dodged            |    56 |     6 ||    62
  Block: Tower shield      |    36 |    37 ||    73
